 Dungeon Crawl Stone Soup version 0.28.0-53-g5a82cb258f (webtiles) character file.

Game seed: 16234207914414372868

1108 Zeld the Magician (level 8, -4/41 HPs)
             Began as a Deep Elf Fire Elementalist on May 22, 2022.
             Killed from afar by a white imp (7 damage)
             ... with a puff of frost
             ... on level 6 of the Dungeon.
             The game lasted 00:04:50 (7280 turns).

Zeld the Magician (Deep Elf Fire Elementalist)      Turns: 7280, Time: 00:04:51

Health: -4/41      AC:  4    Str:  5    XL:     8   Next: 11%
Magic:  18/21      EV: 14    Int: 23    God:
Gold:   93         SH:  0    Dex: 15    Spells: 16/22 levels left

rFire   . . .      SeeInvis .   (no weapon)
rCold   . . .      Faith    .   (no shield)
rNeg    . . .      Spirit   .   a - +0 robe
rPois   .          Reflect  .   d - +0 helmet
rElec   .          Harm     .   (no cloak)
rCorr   .          Rampage  .   (no gloves)
Will    .....                   p - +0 pair of boots
Stlth   ++........              n - amulet of regeneration
HPRegen 0.93/turn               (no ring)
MPRegen 0.17/turn               (no ring)

@: no status effects
A: no striking features
a: no special abilities


You were on level 6 of the Dungeon.
You visited 1 branch of the dungeon, and saw 6 of its levels.

You collected 223 gold pieces.
You spent 130 gold pieces at shops.

Inventory:

Armour
 a - a +0 robe (worn)
 d - a +0 helmet (worn)
 p - a +0 pair of boots (worn)
Jewellery
 n - an amulet of regeneration (around neck)
Wands
 j - a wand of acid (7)
 t - a wand of mindburst (13)
Scrolls
 f - a scroll of blinking
 g - 2 scrolls of silence {unknown}
 h - a scroll of enchant weapon
 r - 2 scrolls of amnesia
 s - a scroll of magic mapping {unknown}
Potions
 b - a potion of magic {unknown}
 c - 2 potions of might {unknown}
 e - 2 potions of resistance {unknown}
 i - 2 potions of mutation {unknown}
 k - 4 potions of curing
 l - a potion of attraction {unknown}
 m - a potion of heal wounds {unknown}
 o - a potion of berserk rage {unknown}
 q - a potion of lignification {unknown}
 u - a potion of brilliance {unknown}


   Skills:
 + Level 5.1 Dodging
 - Level 2.4 Stealth
 * Level 7.6 Spellcasting
 + Level 4.1 Conjurations
 - Level 2.0 Hexes
 * Level 6.8 Fire Magic


You had 16 spell levels left.
You knew the following spells:

 Your Spells              Type           Power      Damage    Failure   Level
a - Foxfire               Conj/Fire      100%       2x1d9     1%          1
b - Scorch                Fire           80%        2d9       1%          2
c - Inner Flame           Hex/Fire       29%        N/A       3%          3

Your spell library contained the following spells:

 Spells                   Type           Power      Damage    Failure   Level
 Conjure Flame            Conj/Fire      34%        6-21      2%          3
 Flame Wave               Conj/Fire      34%        2d8       8%          4
 Gell's Gravitas          Tloc           8%         N/A       22%         3
 Lesser Beckoning         Tloc           8%         N/A       22%         3
 Teleport Other           Tloc           8%         N/A       22%         3
 Summon Lightning Spire   Summ/Air       8%         N/A       58%         4
 Storm Form               Tmut/Air       4%         N/A       100%        7
 Maxwell's Capacitive Co  Air            4%         ∞         100%        8


Dungeon Overview and Level Annotations

Branches:
Dungeon (6/15)
 Temple: D:4-7

Altars:
Ashenzari
Elyvilon
Hepliaklqana
Okawaru
Yredelemnul
Zin

Shops:
D:2 (   D:4 *

Annotations:
D:6 Dowan, Duvessa


Message History

Found a stone staircase leading down.
u - a smoky golden potion You see here an iguana skeleton.
You now have 93 gold pieces (gained 11).
g - 2 scrolls labelled SIMMEPA MOMI (gained 1)
An ogre comes into view. It is wielding a +0 giant club.
An ufetubus comes into view.
The ufetubus shouts!
The ufetubus closely misses you. The ufetubus misses you. x2
The ufetubus closely misses you. The ufetubus barely misses you.
The ufetubus hits you but does no damage.
The ufetubus barely misses you. The ufetubus hits you.
Casting: Scorch (safe; 1% risk of failure)
Confirm with . or Enter, or press ? or * to list all spells.
Flames lash the ufetubus.
The ufetubus is burned terribly!
The ufetubus is heavily wounded.
The ufetubus's fire resistance burns away.
You hear a shout!
The ufetubus barely misses you. The ufetubus misses you.
Casting: Scorch (safe; 1% risk of failure)
Confirm with . or Enter, or press ? or * to list all spells.
Flames lash the ufetubus.
The ufetubus is burned terribly!
You kill the ufetubus!
Unknown command.
Casting: Scorch (safe; 1% risk of failure)
Confirm with . or Enter, or press ? or * to list all spells.
You can't see any susceptible monsters within range! (Use Z to cast anyway.)
You see here a +0 trident.
The brown ugly thing gurgles horribly!
The white imp shouts!
You hit the brown ugly thing but do no damage.
The brown ugly thing gores you!
You are splashed with acid!
You barely miss the brown ugly thing. The brown ugly thing barely misses you.
You barely miss the brown ugly thing. The brown ugly thing gores you!
* * * LOW HITPOINT WARNING * * *
You are splashed with acid!
* * * LOW HITPOINT WARNING * * *
The white imp gestures at you. The puff of frost hits you!
You die...

#.# #.....(...#
#.####........# ######
......[.......# #.....#
.:............# ##...[...
....#.........# #........
#.............# #.........#
....##........####.........#
##..###÷........##.........#
....>....###O..)@u.........#
.........# ####...........##
.........# ####÷........#
.........# #..5......#
.........# #.........#
.........## #..÷÷.....#
..........# #..<......#
..........#### ##.......##
#####......... ##.....##


You could see a brown ugly thing, an ogre and a white imp.

Vanquished Creatures
  An orc warrior (D:5)
  An ogre (D:4)
  A bullfrog (D:5)
  A scorpion (D:5)
  A water moccasin zombie (D:5)
  4 howler monkeys
  2 centaur zombies
  An orc priest (D:2)
  A hound (D:6)
  2 jellies
  4 iguanas
  Ijyb (D:3)
  Terence (D:3)
  Natasha (thrice) (D:3)
  2 orc wizards (D:3)
  A hound skeleton (D:5)
  4 adders
  A white imp (D:5)
  An ufetubus (D:6)
  2 worms (D:2)
  A dart slug (D:4)
  17 orcs
  6 bats
  6 endoplasms
  2 giant cockroaches
  4 goblins
  5 hobgoblins
  4 kobolds
  A quokka (D:1)
  5 ball pythons
  A frilled lizard (D:1)
  2 rats
89 creatures vanquished.

Vanquished Creatures (others)
  34 foxfires (D:1)
34 creatures vanquished.

Grand Total: 123 creatures vanquished

Notes
Turn   | Place    | Note
-------+----------+-------------------------------------------
     0 | D:1      | Zeld the Deep Elf Fire Elementalist began the quest for the
                  | Orb.
     0 | D:1      | Reached XP level 1. HP: 10/10 MP: 6/6
   590 | D:1      | Reached XP level 2. HP: 8/15 MP: 2/8
   593 | D:1      | Learned a level 2 spell: Scorch
  1253 | D:2      | Found Coewemum's Weapon Boutique.
  1563 | D:2      | Reached XP level 3. HP: 19/19 MP: 5/10
  1567 | D:2      | Learned a level 3 spell: Inner Flame
  1805 | D:2      | Found a faded altar of an unknown god.
  2462 | D:3      | Noticed Terence
  2543 | D:3      | Killed Terence
  2544 | D:3      | Reached skill level 4 in Spellcasting
  2544 | D:3      | Reached skill level 1 in Hexes
  2544 | D:3      | Reached XP level 4. HP: 12/24 MP: 2/12
  3020 | D:3      | Reached XP level 5. HP: 21/28 MP: 1/13
  3118 | D:3      | Found a hazy altar of Hepliaklqana.
  3167 | D:3      | Noticed Ijyb
  3175 | D:3      | Killed Ijyb
  3402 | D:3      | Found an iron altar of Okawaru.
  3446 | D:3      | Found a broken altar of Ashenzari.
  3449 | D:3      | Found a white marble altar of Elyvilon.
  3454 | D:3      | Found a basalt altar of Yredelemnul.
  3580 | D:3      | Noticed Natasha
  3585 | D:3      | Killed Natasha
  3697 | D:3      | Noticed Natasha
  3703 | D:3      | Killed Natasha
  3704 | D:3      | Reached skill level 5 in Spellcasting
  3883 | D:3      | Found a hazy altar of Hepliaklqana.
  3894 | D:3      | Noticed Natasha
  3900 | D:3      | Killed Natasha
  3963 | D:3      | Found an iron altar of Okawaru.
  3999 | D:3      | Found a white marble altar of Elyvilon.
  4002 | D:3      | Found a broken altar of Ashenzari.
  4002 | D:3      | Found a basalt altar of Yredelemnul.
  4345 | D:4      | Reached XP level 6. HP: 32/32 MP: 10/15
  4439 | D:4      | Reached skill level 5 in Fire Magic
  4927 | D:4      | Found Vanopt's General Store.
  4960 | D:4      | Bought a potion of curing for 39 gold pieces
  4960 | D:4      | Bought a potion of curing for 39 gold pieces
  5100 | D:4      | Bought 2 scrolls of identify for 52 gold pieces
  5432 | D:5      | Entered Level 5 of the Dungeon
  5446 | D:5      | Found a glowing silver altar of Zin.
  5495 | D:5      | Noticed an orc warrior
  5677 | D:5      | Reached skill level 6 in Spellcasting
  5677 | D:5      | Reached XP level 7. HP: 36/36 MP: 10/18
  6256 | D:5      | Reached skill level 7 in Spellcasting
  6419 | D:6      | Noticed Duvessa
  6419 | D:6      | Noticed Dowan
  6818 | D:6      | Reached skill level 5 in Dodging
  6818 | D:6      | Reached XP level 8. HP: 20/41 MP: 16/21
  6892 | D:6      | Noticed a brown ugly thing
  7280 | D:6      | Killed from afar by a white imp

Illustrated notes

Levels and vault maps discovered:
D:1:      minmay_arrival_stair_chambers, layout_loops_ring
D:2:      kennysheep_big_flooded_room, layout_basic, serial_shops, shop,
          nicolae_ecumenical_lake_church, kennysheep_big_empty_room
D:3:      layout_basic, nicolae_overflow_crystal_walls,
          grunt_temple_overflow_diamond, mainiacjoe_overflow_paths,
          uniq_terence, uniq_crazy_yiuf_cottage, uniq_ijyb, uniq_natasha
D:4:      layout_loops_ring, serial_shops, shop
D:5:      layout_gridville, mainiacjoe_overflow_six_doors_small,
          kennysheep_nondescript
D:6:      layout_rooms, uniq_duvessa

Skill      XL: |  1  2  3  4  5  6  7 |
---------------+----------------------+-----
Dodging        | 3 4 5 |  5.1
Spellcasting   | 4 5 6 7 |  7.6
Conjurations   | 2 3 4 |  4.1
Hexes          | 1 2 |  2.0
Fire Magic     | 4 5 6 |  6.8
Stealth        | |  2.4

Action                   |  1- 3 |  4- 6 |  7- 9 || total
-------------------------+-------+-------+-------++-------
Melee: Unarmed           |     9 |    10 |     5 ||    24
 Cast: Foxfire           |    32 |       |       ||    32
       Scorch            |    34 |    67 |    53 ||   154
  Use: Scroll            |       |       |     6 ||     6
 Stab: Sleeping          |       |     1 |     1 ||     2
Armor: Robe              |     8 |     8 |     5 ||    21
Dodge: Dodged            |    21 |    30 |    45 ||    96
